 Dungeon Crawl Stone Soup version 0.29.0-4-gdea44cf6ec (webtiles) character file.

Game seed: 532918424710322378

105 qw the Chopper (level 4, -1/26 HPs)
             Began as a Tengu Warper on Aug 28, 2022.
             Slain by a wraith (10 damage)
             ... on level 6 of the Dungeon.
             The game lasted 00:00:11 (2521 turns).

qw the Chopper (Tengu Warper)                       Turns: 2521, Time: 00:00:11

Health: -1/26      AC:  6    Str: 13    XL:     4   Next: 81%
Magic:  8/8        EV: 11    Int: 13    God:
Gold:   161        SH:  0    Dex: 14    Spells: 7/7 levels left

rFire   . . .      SeeInvis .   Y - +0 hand axe
rCold   . . .      Faith    .   (no shield)
rNeg    . . .      Spirit   .   d - +0 ring mail
rPois   .          Reflect  .   (helmet restricted)
rElec   .          Harm     .   (no cloak)
rCorr   .          Rampage  .   h - +0 pair of gloves
Will    .....                   (boots unavailable)
Stlth   +.........              e - amulet of the acrobat
HPRegen 0.08/turn               (no ring)
MPRegen 0.11/turn               (no ring)

@: lethally poisoned (-1 -> -5), slowed, very slow
A: beak, talons 3
a: no special abilities


You were on level 6 of the Dungeon.
You visited 1 branch of the dungeon, and saw 4 of its levels.

You collected 161 gold pieces.


Innate Abilities, Weirdness & Mutations

You have a beak for a mouth.
You have claws for feet.


   Skills:
 - Level 2.0 Fighting
 + Level 5.3 Axes
 - Level 1.0 Throwing
 - Level 1.1 Armour
 - Level 2.1 Dodging
 - Level 2.0 Spellcasting
 - Level 2.4 Translocations


You had 7 spell levels left.
You didn't know any spells.
Your spell library contained the following spells:

 Spells                   Type           Power      Damage    Failure   Level
 Blink                    Tloc           14%        N/A       30%         2
 Gell's Gravitas          Tloc           7%         N/A       52%         3
 Lesser Beckoning         Tloc           7%         N/A       52%         3
 Teleport Other           Tloc           7%         N/A       52%         3
 Manifold Assault         Tloc           7%         N/A       99%         5

Inventory:

Hand Weapons
 g - a +0 whip
 Y - a +0 hand axe (weapon)
Armour
 d - a +0 ring mail (worn)
 h - a +0 pair of gloves (worn)
Jewellery
 e - an amulet of the acrobat (around neck)
Potions
 f - a potion of invisibility {unknown}

Dungeon Overview and Level Annotations

Branches:
Dungeon (3/15)

Altars:


Message History

You closely miss the adder. You peck the adder, but do no damage.
The adder bites you but does no damage.
You hit the adder but do no damage. The adder closely misses you.
The adder bites you but does no damage.
You miss the adder. You peck the adder.
The adder is heavily wounded.
The adder closely misses you.
You completely miss the adder.
The adder is heavily wounded.
The adder bites you but does no damage.
You hit the adder.
You kill the adder!
You start resting.
HP restored.
An orc is nearby!
2513 ||| Stepping ~*~*~tactically~*~*~ (stealth).
A wraith comes into view.
2514 ||| Stepping ~*~*~tactically~*~*~ (stealth).
The orc shouts!
You closely miss the orc. The orc closely misses you.
You barely miss the orc. Your peck misses the orc.
The orc completely misses you.
You hit the wraith but do no damage. Your kick misses the wraith.
Your peck misses the wraith. You hit the orc. The orc hits you with a +0 club.
The wraith hits you but does no damage.
An adder comes into view.
You hit the orc.
You kill the orc!
You barely miss the wraith. The wraith hits you. The wraith drains your vigour!
You feel yourself slow down.
You hit the wraith but do no damage. You hit the adder but do no damage.
The adder bites you.
You are poisoned.
The adder poisons you! The wraith closely misses you.
The adder bites you but does no damage. The wraith hits you!
You hit the wraith but do no damage. You miss the adder.
You feel sick. The adder bites you but does no damage. The adder bites you.
The wraith hits you!
You die...

#.# ## .. ... ..
#.# #. ###.# #..
#... #..###.#
#....#######.#
#..#.%.S@W.....#
#.###########
.... #.##.## #
..# ###


You could see a wraith and an adder.

Vanquished Creatures
  A jelly (D:6)
  3 adders
  2 worms (D:2)
  An orc (D:6)
  7 endoplasms
  2 goblins (D:2)
  2 hobgoblins (D:1)
  6 kobolds
  3 quokkas
  7 bats
  4 frilled lizards
  6 rats
44 creatures vanquished.

Notes
Turn   | Place    | Note
-------+----------+-------------------------------------------
     0 | D:1      | qw the Tengu Warper began the quest for the Orb.
     0 | D:1      | Reached XP level 1. HP: 12/12 MP: 4/4
     0 | D:1      | 0 ||| qw: Version: 0.1-a-89-g26bdef1
     0 | D:1      | 0 ||| qw: Game counter: 865
     0 | D:1      | 0 ||| qw: Always use a shield: true
     0 | D:1      | 0 ||| qw: God list: Okawaru
     0 | D:1      | 0 ||| qw: Allow faded altars: false
     0 | D:1      | 0 ||| qw: Do Orc after D:15 true
     0 | D:1      | 0 ||| qw: Do second Lair branch before Depths: true
     0 | D:1      | 0 ||| qw: Lair rune preference: random
     0 | D:1      | 0 ||| qw: Plans: Normal
     0 | D:1      | 0 ||| PLANNING D:1-11
   157 | D:1      | 157 ||| Stepping ~*~*~tactically~*~*~ (stealth).
   158 | D:1      | 158 ||| Stepping ~*~*~tactically~*~*~ (stealth).
   161 | D:1      | Reached XP level 2. HP: 17/17 MP: 6/6
   166 | D:1      | 166 ||| Stepping ~*~*~tactically~*~*~ (stealth).
   174 | D:1      | Reached skill level 3 in Axes
   332 | D:1      | Found a faded altar of an unknown god.
   429 | D:1      | 429 ||| Stepping ~*~*~tactically~*~*~ (stealth).
  1031 | D:1      | 1031 ||| UPGRADING to +0 ring mail.
  1041 | D:1      | 1041 ||| DROPPING +0 leather armour.
  1042 | D:1      | 1042 ||| UPGRADING to amulet of the acrobat.
  1047 | D:1      | 1047 ||| DROPPING scroll of blinking.
  1108 | D:2      | Reached XP level 3. HP: 15/21 MP: 7/7
  1633 | D:2      | Reached skill level 4 in Axes
  2274 | D:2      | Reached XP level 4. HP: 24/26 MP: 8/8
  2340 | D:2      | 2340 ||| UPGRADING to +0 pair of gloves.
  2345 | D:2      | 2345 ||| READING scroll labelled ICIYCL ZOCLAGG.
  2348 | D:2      | 2348 ||| READING scroll labelled HIGGAL WEVYK.
  2414 | D:3      | You fall into a shaft and drop 3 floors!
  2421 | D:6      | Reached skill level 5 in Axes
  2425 | D:6      | 2425 ||| Stepping ~*~*~tactically~*~*~ (stealth).
  2426 | D:6      | 2426 ||| Stepping ~*~*~tactically~*~*~ (stealth).
  2513 | D:6      | 2513 ||| Stepping ~*~*~tactically~*~*~ (stealth).
  2513 | D:6      | Noticed a wraith
  2514 | D:6      | 2514 ||| Stepping ~*~*~tactically~*~*~ (stealth).
  2521 | D:6      | Slain by a wraith

Levels and vault maps discovered:
D:1:      arrival_zaba_pyramid, layout_loops_corners,
          shapermc_ecumenical_altar_notcrosses
D:2:      layout_basic, minmay_cut_off
D:3:      layout_basic
D:6:      layout_loops_ring, lemuel_mausoleum_altar_yredelemnul,
          kennysheep_mini_moat

Skill      XL: |  1  2  3  4 |
---------------+-------------+-----
Axes           | 3 4 5 |  5.3
Fighting       | |  2.0
Throwing       | |  1.0
Armour         | |  1.1
Dodging        | |  2.1
Spellcasting   | |  2.0
Translocations | |  2.4

Action                   |  1- 3 |  4- 6 || total
-------------------------+-------+-------++-------
Melee: Hand axe          |    75 |    23 ||    98
       Kick              |    18 |     3 ||    21
       Peck              |     7 |     6 ||    13
       Punch             |     1 |       ||     1
Throw: Boomerang         |     7 |       ||     7
  Use: Scroll            |       |     2 ||     2
Armor: Leather armour    |    11 |       ||    11
       Ring mail         |    10 |     8 ||    18
Dodge: Dodged            |    42 |     8 ||    50

Table legend:
 A = Non-vault XP
 B = Vault XP
 C = Vault XP percentage of total XP
 D = Non-vault monster count
 E = Vault monster count
 F = Vault count percentage of total count
                 A         B        C        D         E       F
            +---------+---------+-------+---------+---------+-------
      Total |     144 |       6 |   4.0 |      40 |       4 |   9.1
            +---------+---------+-------+---------+---------+-------
        D:1 |      30 |       0 |   0.0 |      20 |       0 |   0.0
        D:2 |      50 |       6 |  10.7 |      13 |       4 |  23.5
        D:3 |       6 |       0 |   0.0 |       4 |       0 |   0.0
        D:6 |      58 |       0 |   0.0 |       3 |       0 |   0.0
            +---------+---------+-------+---------+---------+-------
